 Dungeon Crawl Stone Soup version 0.20.1-1-g8b1a95d (webtiles) character file.

16837 Timinator the Martial Artist (level 12, 0/91 HPs)
             Began as a Vampire Monk on Sept 18, 2017.
             Was an Elder of Kikubaaqudgha.
             Slain by an eight-headed hydra (1 damage)
             ... on level 2 of the Lair of Beasts.
             The game lasted 02:28:50 (11886 turns).

Timinator the Martial Artist (Vampire Monk)        Turns: 11886, Time: 02:28:50

Health: 0/91       AC: 13    Str:  9 (11) XL:     12   Next: 13%
Magic:  19/19      EV: 20    Int: 11 (14) God:    Kikubaaqudgha [****..]
Gold:   109        SH:  0    Dex: 17 (19) Spells: 14/20 levels left

rFire    + + .     SeeInvis +     - Unarmed
rCold    x . .     Gourm    .   (no shield)
rNeg     . . .     Faith    .   w - +5 ring mail {rF+}
rPois    .         Spirit   .   (no helmet)
rElec    .         Reflect  .   F - +0 cloak
rCorr    .         Harm     .   q - +0 pair of gloves
MR       +....                  z - +0 pair of boots
Stlth    ++........             t - amulet of regeneration
Regen    0.9/turn               i - ring of fire
MPRegen  0.2/turn               A - +4 ring of evasion

@: regenerating quickly
A: fangs 3, see invisible, unbreathing, evolution 2
a: Receive Corpses, Renounce Religion


You were on level 2 of the Lair of Beasts.
You worshipped Kikubaaqudgha.
Kikubaaqudgha was greatly pleased with you.
You were full.

You visited 3 branches of the dungeon, and saw 13 of its levels.

You collected 616 gold pieces.
You spent 507 gold pieces at shops.

Inventory:

Missiles
 n - 16 tomahawks (quivered)
Armour
 a - a +0 robe
 k - a +0 hat
 q - a +0 pair of gloves (worn)
 w - a +5 ring mail of fire resistance (worn)
 z - a +0 pair of boots (worn)
 B - +0 steam dragon scales
 F - a +0 cloak (worn)
Jewellery
 c - an uncursed ring of protection from cold
 i - a ring of fire (left hand)
 o - an uncursed ring of stealth
 t - an amulet of regeneration (around neck)
 A - a +4 ring of evasion (right hand)
Wands
 e - a wand of confusion (0/48)
 f - a wand of flame (0/48)
 p - a wand of disintegration (15/24)
 r - a wand of confusion (0/48)
 s - a wand of iceblast (0/15)
 u - a wand of clouds (2/9)
 v - a wand of confusion (29/48)
 C - a wand of confusion (36/48)
 D - a wand of flame (28/48)
Scrolls
 d - 2 scrolls of amnesia
 g - 2 scrolls of magic mapping
 j - 4 scrolls of remove curse
Potions
 b - 13 potions of blood
 m - 3 potions of curing
 E - a potion of degeneration
 G - a potion of ambrosia {unknown}
Books
 h - Kikubaaqudgha's Almanac of Unholy Rites
   (Kikubaaqudgha gifted it to you on level 10 of the Dungeon)

   Spells                             Type                      Level
   a - Excruciating Wounds            Charms/Necromancy            5
   b - Agony                          Necromancy                   5
   c - Cigotuvi's Embrace             Necromancy                   5
   d - Dispel Undead                  Necromancy                   5
   e - Simulacrum                     Ice/Necromancy               6
 l - Kikubaaqudgha's Compendium of Sinister Arts
   (Kikubaaqudgha gifted it to you in the Ecumenical Temple)

   Spells                             Type                      Level
   a - Pain                           Necromancy                   1
   b - Corpse Rot                     Necromancy                   2
   c - Sublimation of Blood           Necromancy                   2
   d - Vampiric Draining              Necromancy                   3
   e - Control Undead                 Necromancy                   4


   Skills:
 * Level 7.5 Fighting
 - Level 0.5 Throwing
 - Level 2.7 Armour
 * Level 10.4 Dodging
 - Level 3.0 Stealth
 + Level 14.6 Unarmed Combat
 * Level 4.7 Spellcasting
 * Level 5.7 Necromancy
 - Level 1.0 Evocations


You had 14 spell levels left.
You knew the following spells:

 Your Spells              Type           Power        Failure   Level  Hunger
a - Pain                  Necr           ###.         5%          1    None
b - Agony                 Necr           ###.....     83%         5    ######.


Dungeon Overview and Level Annotations

Branches:
Dungeon (10/15)            Temple (1/1) D:7            Lair (2/6) D:10
    Orc (0/2) D:10
  Swamp: Lair:2-4    Shoals: Lair:2-4     Snake: Lair:2-4    Spider: Lair:2-4

Altars:
Dithmenos
Elyvilon
Fedhas
Gozag
Hepliaklqana
Kikubaaqudgha
Okawaru
Qazlal
Sif Muna
Uskayaw
Vehumet
Xom
Yredelemnul
Zin
The Shining One

Shops:
D:5 %*:[   D:7 =   D:9 *


Innate Abilities, Weirdness & Mutations

Your natural rate of healing is unusually fast.
You have razor-sharp teeth.
You have supernaturally acute eyesight. (SInv)
You can survive without breathing.
You rapidly evolve.


Message History

* * * LOW HITPOINT WARNING * * *
The eight-headed hydra bites you.
* * * LOW HITPOINT WARNING * * *
The eight-headed hydra bites you!
* * * LOW HITPOINT WARNING * * *
The eight-headed hydra completely misses you.
The eight-headed hydra barely misses you. x2
The eight-headed hydra completely misses you.
The eight-headed hydra bites you.
* * * LOW HITPOINT WARNING * * *
The eight-headed hydra bites you!
* * * LOW HITPOINT WARNING * * *
The eight-headed hydra barely misses you.
The eight-headed hydra bites you.
* * * LOW HITPOINT WARNING * * *
The eight-headed hydra barely misses you.
The eight-headed hydra closely misses you.
The eight-headed hydra bites you.
You die...
Kikubaaqudgha rasps: "You have failed me!
Welcome... oblivion!"

## ###.####
##..###.##
##.....#..#
##.........#####
#.<..........#.#
###...........DF##
#.............@..#
#...............##
#...............##
#..........?...##
#..............#
................#
................#
..............##
............##


You could see an eight-headed hydra and a spiny frog.

Vanquished Creatures
  3 death yaks (D:10)
  3 two-headed ogres
  Erica (D:8)
  Pikel (D:8)
  A deep elf mage (D:9)
  An ugly thing (D:9)
  A spiny frog (Lair:1)
  A centaur skeleton (D:10)
  A komodo dragon (Lair:1)
  A troll (D:9)
  Prince Ribbit (D:9)
  5 blink frogs (Lair:1)
  Grinder (D:6)
  4 hippogriffs
  Sigmund (D:2)
  A vampire (D:9)
  A wyvern (D:9)
  4 yaks (D:9)
  2 steam dragons (D:9)
  A hungry ghost (D:9)
  Edmund (D:6)
  Menkaure (D:5)
  3 water moccasins
  3 orc warriors
  2 porcupines
  A hornet zombie (D:7)
  2 ice beasts
  4 sky beasts
  An eye of draining (D:9)
  A black bear (D:7)
  5 ogres
  2 phantoms (D:10)
  3 centaurs
  2 big kobolds
  12 bullfrogs
  A water moccasin skeleton (D:8)
  A wyvern skeleton (D:7)
  5 scorpions
  17 killer bees
  2 electric eels (D:3)
  2 bullfrog zombies
  8 crimson imps
  3 quasits
  8 hounds
  7 orc priests
  A jelly (D:9)
  8 orc wizards
  2 bullfrog skeletons
  2 iguanas
  12 worker ants
  A hell rat (D:10)
  2 hound skeletons (D:4)
  A worker ant zombie (D:7)
  3 gnolls (D:3)
  17 adders
  A river rat (D:10)
  A shadow imp (D:8)
  An ooze (D:5)
  An adder skeleton (D:9)
  3 adder zombies
  2 worms
  2 dart slugs
  3 leopard geckos
  53 orcs
  2 ball pythons
  5 bats
  8 giant cockroaches
  12 goblins
  12 hobgoblins
  8 jackals
  12 kobolds
  2 quokkas
  5 frilled lizards
  A goblin skeleton (D:7)
  A goblin zombie (D:7)
  3 hobgoblin zombies (D:7)
  2 orc skeletons (D:7)
  6 rats
  2 butterflies (D:7)
329 creatures vanquished.

Vanquished Creatures (others)
  A slave (D:10)
  A phantom (D:8)
  An ice beast (D:8)
  A bullfrog (D:10)
  An orc (D:9)
  A bat (D:3)
6 creatures vanquished.

Grand Total: 335 creatures vanquished

Notes
Turn   | Place    | Note
-------+----------+-------------------------------------------
     0 | D:1      | Timinator the Vampire Monk began the quest for the Orb.
     0 | D:1      | Reached XP level 1. HP: 17/17 MP: 1/1
   138 | D:1      | Reached XP level 2. HP: 23/23 MP: 2/2
   333 | D:1      | Reached skill level 1 in Armour
   403 | D:2      | Reached XP level 3. HP: 19/28 MP: 3/3
   421 | D:2      | Reached skill level 4 in Unarmed Combat
   691 | D:2      | Reached XP level 4. HP: 30/35 MP: 4/4
   983 | D:2      | Noticed Sigmund
  1047 | D:2      | Killed Sigmund
  1047 | D:2      | Reached skill level 5 in Unarmed Combat
  1047 | D:2      | Reached XP level 5. HP: 41/41 MP: 5/5
  1047 | D:2      | Reached XP level 6. HP: 47/47 MP: 6/6
  1395 | D:3      | Found a transporter.
  1544 | D:3      | Found a transporter.
  1577 | D:3      | Reached skill level 6 in Unarmed Combat
  2699 | D:3      | Reached skill level 5 in Dodging
  2847 | D:4      | Reached XP level 7. HP: 46/52 MP: 7/7
  3147 | D:4      | Reached skill level 7 in Unarmed Combat
  3488 | D:5      | Entered Level 5 of the Dungeon
  3607 | D:5      | Found Raf Tepp's Food Shop.
  3608 | D:5      | Found a stormy altar of Qazlal.
  3770 | D:5      | Found Teotefe's Book Boutique.
  3783 | D:5      | Reached XP level 8. HP: 60/60 MP: 8/8
  3853 | D:5      | Noticed Menkaure
  3857 | D:5      | Killed Menkaure
  3857 | D:5      | Reached skill level 8 in Unarmed Combat
  3891 | D:5      | You fall through a shaft!
  3891 | D:6      | Noticed Grinder
  3899 | D:6      | Killed Grinder
  4238 | D:5      | Reached skill level 9 in Unarmed Combat
  4328 | D:5      | Found Yrijig's Armour Emporium.
  4499 | D:5      | Found Vioxtef's Assorted Antiques.
  4842 | D:6      | Noticed Edmund
  4860 | D:6      | Gained mutation: You evolve. [potion of mutation]
  4860 | D:6      | Gained mutation: You rapidly evolve. [potion of mutation]
  5029 | D:6      | Killed Edmund
  5029 | D:6      | Reached skill level 1 in Evocations
  5398 | D:7      | Reached XP level 9. HP: 64/67 MP: 9/9
  5404 | D:7      | Reached skill level 5 in Fighting
  5464 | D:7      | Found Pisk's Jewellery Shop.
  5538 | D:7      | Reached skill level 10 in Unarmed Combat
  5540 | D:7      | Found a runed door.
  5795 | D:8      | Noticed Erica
  5863 | D:8      | Found a stormy altar of Qazlal.
  6224 | D:5      | Bought a +3 ring mail of fire resistance for 390 gold pieces
  6301 | D:7      | Found a runed door.
  6517 | D:7      | Reached skill level 11 in Unarmed Combat
  6522 | D:7      | Found a shadowy altar of Dithmenos.
  6572 | D:7      | Found a glowing golden altar of the Shining One.
  6723 | D:7      | Found a staircase to the Ecumenical Temple.
  6729 | Temple   | Entered the Ecumenical Temple
  6763 | Temple   | Became a worshipper of Kikubaaqudgha
  6763 | Temple   | Reached * piety under Kikubaaqudgha
  6763 | Temple   | Identified Kikubaaqudgha's Compendium of Sinister Arts (Kikubaaqudgha gifted it to you in the Ecumenical Temple)
  6763 | Temple   | Received a gift from Kikubaaqudgha
  6763 | Temple   | Reached ** piety under Kikubaaqudgha
  6768 | Temple   | Learned a level 1 spell: Pain
  7184 | D:8      | Killed Erica
  7184 | D:8      | Reached skill level 1 in Spellcasting
  7184 | D:8      | Reached skill level 1 in Necromancy
  7184 | D:8      | Reached XP level 10. HP: 41/76 MP: 7/11
  7392 | D:8      | Found a deep blue altar of Sif Muna.
  7545 | D:8      | Noticed Pikel
  7548 | D:8      | Found a blossoming altar of Fedhas.
  7561 | D:8      | Killed Pikel
  7714 | D:8      | Found an iron altar of Okawaru.
  7968 | D:9      | Noticed a two-headed ogre
  7978 | D:9      | Killed a two-headed ogre
  7978 | D:9      | Reached skill level 12 in Unarmed Combat
  7986 | D:9      | Found a shimmering altar of Xom.
  8023 | D:9      | Found Bokhirahe's Assorted Antiques.
  8065 | D:9      | Found a glowing silver altar of Zin.
  8149 | D:9      | Noticed a two-headed ogre
  8300 | D:9      | Noticed a frost giant
  8315 | D:9      | Noticed a purple ugly thing
  8315 | D:9      | Noticed a deep elf mage
  8353 | D:9      | Killed a purple ugly thing
  8412 | D:9      | Noticed a two-headed ogre
  8462 | D:10     | Entered Level 10 of the Dungeon
  8500 | D:10     | Reached *** piety under Kikubaaqudgha
  8500 | D:10     | Identified Kikubaaqudgha's Almanac of Unholy Rites (Kikubaaqudgha gifted it to you on level 10 of the Dungeon)
  8500 | D:10     | Received a gift from Kikubaaqudgha
  8545 | D:10     | Reached XP level 11. HP: 40/83 MP: 15/15
  8607 | D:10     | Found a staircase to the Orcish Mines.
  8717 | D:10     | Reached skill level 13 in Unarmed Combat
  8830 | D:10     | Noticed a death yak
  8831 | D:10     | Noticed a death yak
  8889 | D:10     | Killed a two-headed ogre
  9046 | D:9      | Bought a pair of boots for 117 gold pieces
  9209 | D:9      | Killed a two-headed ogre
 10436 | D:9      | Noticed Prince Ribbit
 10449 | D:9      | Killed Prince Ribbit
 10595 | D:9      | Learned a level 5 spell: Agony
 10743 | D:9      | Reached **** piety under Kikubaaqudgha
 10754 | D:9      | Killed a deep elf mage
 10789 | D:10     | Noticed a death yak
 10811 | D:10     | Killed a death yak
 10811 | D:10     | Reached skill level 5 in Necromancy
 10864 | D:10     | Reached skill level 14 in Unarmed Combat
 10934 | D:10     | Reached skill level 10 in Dodging
 10956 | D:10     | Killed a death yak
 10969 | D:10     | Killed a death yak
 11157 | D:10     | Found a staircase to the Lair.
 11569 | Lair:1   | Entered Level 1 of the Lair of Beasts
 11618 | Lair:1   | Reached XP level 12. HP: 53/91 MP: 18/18
 11817 | Lair:1   | Noticed an eight-headed hydra
 11827 | Lair:1   | Noticed a seven-headed hydra
 11886 | Lair:2   | HP: 4/91 [eight-headed hydra (7)]
 11886 | Lair:2   | HP: 1/91 [eight-headed hydra (3)]
 11886 | Lair:2   | Slain by an eight-headed hydra

Skill      XL: |  1  2  3  4  5  6  7  8  9 10 11 |
---------------+----------------------------------+-----
Armour         | 1 2 |  2.7
Fighting       | 3 4 5 6 7 |  7.5
Unarmed Combat | 4 5 6 7 9 11 12 14 | 14.6
Dodging        | 4 5 6 8 9 10 | 10.4
Evocations     | 1 |  1.0
Spellcasting   | 1 3 4 |  4.7
Necromancy     | 1 3 5 |  5.7
Throwing       | |  0.5
Stealth        | |  3.0

Action                   |  1- 3 |  4- 6 |  7- 9 | 10-12 || total
-------------------------+-------+-------+-------+-------++-------
Melee: Unarmed           |    94 |   253 |   508 |   652 ||  1507
       Punch             |     2 |     6 |    21 |    42 ||    71
       Bite              |     6 |    16 |    54 |    59 ||   135
Throw: Tomahawk          |       |     4 |     3 |       ||     7
       Javelin           |       |       |     2 |     6 ||     8
 Cast: Pain              |       |       |     2 |     4 ||     6
 Abil: End Transformatio |       |       |     6 |     5 ||    11
       Bat Form          |       |       |     6 |     5 ||    11
Evoke: Wand              |       |       |    15 |    19 ||    34
  Use: Potion            |     2 |    10 |    22 |    23 ||    57
       Scroll            |     1 |     4 |     9 |     5 ||    19
 Stab: Sleeping          |     4 |     3 |     4 |     3 ||    14
       Distracted        |       |     1 |       |     2 ||     3
       Confused          |       |       |     3 |     4 ||     7
  Eat: Corpse            |     4 |     6 |     4 |     8 ||    22
Armor: Robe              |    16 |     7 |       |       ||    23
       Skin              |       |    14 |       |    53 ||    67
       Ring mail         |       |    35 |   112 |   133 ||   280
Dodge: Dodged            |    62 |   159 |   333 |   485 ||  1039
